Map: Para Site LE

Players

Harstem - Winner!

  • Race: Protoss Protoss
  • League: Grandmaster
  • Spawn Location: 5:00

Sparkypants

  • Race: Zerg Zerg
  • Spawn Location: 11:00

Event: DSCL Nationals 2018 - Finals

VOD

Have the link to the VOD?

Description

Time

  • Played on: Dec. 1, 2018, 6:53 a.m.
  • Length: 6:51

All games in this series

Show
View Real Time Build Order
Export as new Build Order

Harstem Protoss - Winner!

Build Orders: 1 Gate Expand 

Get SALT Encoding   

  12  0:00  Probe  
  13  0:12  Probe  
  14  0:18  Pylon  
  14  0:24  Probe  
  15  0:32  Probe  
  15  0:37  Gateway  
  15  0:40  Probe  
  16  0:48  Assimilator  
  17  0:51  Probe  
  18  1:03  Probe  
  19  1:15  Probe  
  20  1:23  Nexus  
  20  1:35  Cybernetics Core  
  20  1:37  Probe  
  21  1:46  Assimilator  
  21  1:49  Probe  
  21  1:53  Pylon  
  22  2:01  Probe  
  22  2:03  Adept  
  23  2:14  Probe, Warp Gate  
  26  2:24  Twilight Council  
  26  2:26  Probe  
  26  2:29  Stalker  
  27  2:33  Probe  
  27  2:34  Probe  
  30  2:41  Probe  
  30  2:42  Probe  
  31  2:51  Probe  
  33  2:52  Resonating Glaives  
  33  2:54  Probe  
  33  2:56  Gateway  
  35  3:06  Probe  
  35  3:08  Probe  
  35  3:12  Gateway  
  37  3:20  Robotics Facility  
  37  3:22  Probe  
  38  3:32  Gateway x2  
  38  3:36  Adept  
  38  3:38  Probe  
  41  3:42  Probe  
  41  3:44  Pylon  
  42  3:53  Probe  
  43  3:57  Warp Prism  
  45  4:13  Pylon  
  45  4:14  Pylon  
  45  4:16  Adept x2  
  45  4:17  Adept  
  51  4:30  Adept  
  53  4:34  Adept  
  53  4:36  Charge  
  51  4:46  Cybernetics Core  
  51  4:48  Zealot  
  51  4:51  Immortal, Zealot  
  55  4:54  Pylon  
  55  4:57  Zealot x3  
  61  5:01  Pylon  
  61  5:03  Pylon  
  65  5:18  Pylon  
  65  5:23  Adept x4  
  65  5:24  Adept  
  75  5:33  Pylon  
  75  5:46  Adept x5  
  75  6:00  Probe  
  70  6:06  Zealot x5  
  80  6:26  Nexus  
  80  6:30  Pylon, Zealot  
  80  6:32  Zealot x2, Sentry x2  
Show
View Real Time Build Order
Export as new Build Order

Sparkypants Zerg 

Build Orders: Hatch First 

Get SALT Encoding   

  12  0:00  Drone  
  13  0:12  Overlord  
  13  0:17  Drone  
  14  0:30  Drone  
  14  0:31  Drone  
  16  0:49  Hatchery  
  15  0:53  Drone  
  15  0:55  Drone  
  17  0:58  Drone  
  18  1:10  Extractor  
  17  1:14  Spawning Pool  
  17  1:17  Drone  
  17  1:20  Drone  
  18  1:28  Drone  
  19  1:39  Drone  
  20  1:50  Overlord  
  20  2:01  Queen x2  
  20  2:02  Zergling x2  
  20  2:04  Zergling x2  
  26  2:12  Drone x2  
  28  2:20  Metabolic Boost  
  30  2:22  Drone x2  
  30  2:39  Hatchery  
  30  2:42  Drone  
  30  2:44  Drone  
  30  2:49  Overlord  
  31  2:52  Drone  
  32  2:58  Queen  
  34  3:11  Drone x2  
  36  3:17  Zergling x4  
  36  3:18  Zergling x6, Baneling Nest  
  40  3:21  Zergling x4  
  42  3:27  Overlord  
  42  3:30  Zergling x4  
  44  3:42  Overlord  
  44  3:50  Overlord  
  44  3:52  Zergling x2  
  44  3:53  Zergling x8  
  49  3:56  Spore Crawler  
  48  4:07  Baneling  
  48  4:08  Baneling x3  
  48  4:10  Zergling x2  
  48  4:11  Zergling x10  
  48  4:14  Baneling  
  54  4:18  Zergling x6  
  55  4:24  Baneling  
  55  4:27  Zergling x6  
  55  4:29  Zergling x4  
  54  4:36  Zergling x4  
  51  4:39  Zergling x2  
  51  4:40  Zergling x2  
  52  4:45  Zergling x2  
  52  4:49  Drone  
  52  4:51  Drone  
  55  4:56  Drone  
  56  5:00  Drone  
  56  5:01  Drone  
  58  5:07  Drone  
  58  5:10  Evolution Chamber  
  58  5:12  Drone  
  58  5:13  Drone x2  
  60  5:18  Queen, Drone x2  
  64  5:24  Zergling x8  
  67  5:30  Drone  
  67  5:35  Zergling x4  
  64  5:45  Drone x2  
  64  5:46  Drone  
  64  5:49  Drone  
  61  5:52  Drone  
  61  5:55  Drone  
  59  5:59  Drone  
  58  6:07  Drone  
  58  6:13  Zergling x4  
  59  6:23  Zergling x6  
  58  6:29  Zergling x6  
Tags
 
Add a new tag
Caveats
  • Supply blocks, unpowered buildings, or Contaminate may cause inaccurate times.
  • Supply counts are checked every 10 seconds.